Map: Lerilakgipfel

Players

fragleader

  • Race: Protoss Protoss
  • League: Silver

Tim - Winner!

  • Race: Terran Terran
  • League: Gold

VOD

Have the link to the VOD?

Description

Time

  • Played on: Dec. 14, 2015, 3:08 p.m.
  • Length: 28:48
Show
View Real Time Build Order
Export as new Build Order

fragleader Protoss 

Build Orders:  

Get SALT Encoding   

  12  0:00  Probe (Chrono Boost)  
  13  0:11  Probe (Chrono Boost)  
  14  0:24  Pylon  
  14  0:25  Probe (Chrono Boost)  
  15  0:43  Probe (Chrono Boost)  
  15  0:46  Gateway  
  16  0:53  Probe (Chrono Boost)  
  17  1:00  Gateway  
  18  1:04  Probe (Chrono Boost)  
  18  1:07  Pylon  
  18  1:14  Probe (Chrono Boost)  
  19  1:21  Assimilator  
  19  1:25  Probe (Chrono Boost)  
  20  1:36  Cybernetics Core  
  20  1:37  Probe (Chrono Boost)  
  21  1:43  Assimilator  
  21  1:48  Probe (Chrono Boost)  
  21  1:52  Zealot  
  21  1:53  Zealot  
  26  1:58  Probe (Chrono Boost)  
  27  2:07  Pylon  
  27  2:09  Probe (Chrono Boost)  
  27  2:13  Warp Gate (Chrono Boost)  
  28  2:20  Probe  
  29  2:29  Stalker  
  31  2:32  Probe, Adept  
  34  2:44  Probe, Pylon  
  35  3:03  Probe  
  36  3:17  Nexus  
  36  3:21  Pylon  
  36  3:28  Stalker  
  36  3:29  Stalker  
  40  3:37  Pylon  
  40  3:40  Mothership Core  
  42  4:05  Assimilator  
  42  4:07  Forge  
  42  4:10  Assimilator  
  42  4:13  Stalker x2  
  46  4:20  Probe  
  47  4:28  Probe  
  48  4:33  Robotics Facility  
  48  4:37  Stalker  
  50  4:39  Sentry  
  52  4:47  Probe  
  52  4:48  Probe  
  54  4:55  Pylon  
  54  4:58  Probe  
  54  5:00  Probe  
  54  5:03  Stalker  
  54  5:05  Sentry  
  59  5:13  Photon Cannon  
  59  5:18  Probe x2, Pylon  
  61  5:27  Observer  
  62  5:29  Protoss Ground Armor Level 1 (Chrono Boost)  
  59  5:55  Probe  
  59  5:57  Probe  
  60  6:01  Photon Cannon  
  61  6:06  Probe  
  61  6:09  Probe  
  63  6:12  Observer  
  63  6:17  Probe  
  64  6:21  Probe, Photon Cannon  
  64  6:22  Stalker x2  
  64  6:23  Pylon  
  70  6:33  Immortal  
  70  6:38  Probe  
  70  6:39  Probe  
  76  7:02  Stalker  
  76  7:03  Zealot  
  76  7:05  Nexus  
  80  7:08  Pylon  
  80  7:13  Immortal  
  82  7:20  Pylon  
  82  7:25  Stalker  
  84  7:34  Protoss Ground Weapons Level 1 (Chrono Boost)  
  84  7:38  Photon Cannon  
  84  7:42  Pylon  
  84  7:45  Probe  
  84  7:47  Probe, Photon Cannon  
  86  7:58  Stalker x2  
  90  8:14  Probe  
  90  8:15  Probe  
  92  8:22  Stalker  
  92  8:23  Pylon, Zealot  
  96  8:35  Gateway  
  96  8:37  Gateway  
  96  8:44  Probe x2  
  96  8:45  Probe  
  96  8:46  Robotics Bay  
  99  8:52  Warp Prism  
  101  8:57  Sentry x2  
  100  9:24  Stalker x2, Photon Cannon  
  102  9:26  Photon Cannon  
  102  9:27  Pylon  
  104  9:32  Twilight Council  
  104  9:33  Extended Thermal Lance  
  104  9:43  Probe x2  
  104  9:45  Probe  
  107  9:52  Photon Cannon  
  107  9:59  Photon Cannon  
  107  10:00  Probe, Assimilator  
  107  10:01  Probe x2  
  107  10:04  Stalker, Pylon  
  107  10:05  Zealot  
  107  10:06  Sentry  
  116  10:10  Probe  
  117  10:15  Immortal  
  121  10:34  Blink (Chrono Boost)  
  121  10:42  Zealot x3  
  125  10:43  Zealot  
  87  11:20  Stalker x4  
  81  11:38  Colossus (Chrono Boost)  
  85  11:40  Protoss Ground Armor Level 2 (Chrono Boost)  
  85  11:45  Forge  
  85  11:52  Gateway  
  85  11:54  Gateway  
  85  11:56  Probe  
  85  11:57  Probe  
  85  11:58  Assimilator  
  85  11:59  Stalker  
  85  12:00  Zealot x3  
  95  12:07  Nexus  
  95  12:09  Pylon  
  95  12:12  Pylon  
  95  12:15  Assimilator  
  95  12:20  Assimilator  
  95  12:23  Pylon  
  95  12:27  Pylon  
  95  12:50  Zealot x2  
  95  12:51  Zealot x2  
  102  13:09  Observer (Chrono Boost)  
  87  13:38  Nexus  
  87  13:39  Stalker x4  
  87  13:40  Stalker x2  
  99  13:42  Pylon  
  99  13:44  Photon Cannon  
  99  13:48  Photon Cannon  
  99  14:12  Stalker x5  
  99  14:15  Protoss Ground Armor Level 3 (Chrono Boost)  
  99  14:16  Protoss Ground Weapons Level 2 (Chrono Boost)  
  109  14:18  Colossus  
  105  15:10  Probe  
  105  15:11  Probe x2  
  102  15:14  Zealot x4  
  102  15:15  Stalker x2  
  95  15:49  Probe x2  
  97  16:14  Probe x2  
  99  16:26  Stalker x2, Sentry x2  
  99  16:27  Zealot x2  
  99  16:30  Immortal  
  115  16:38  Nexus  
  115  16:41  Pylon  
  115  16:43  Pylon  
  115  16:46  Assimilator  
  115  16:51  Assimilator  
  112  17:06  Stalker x3  
  118  17:08  Zealot  
  118  17:09  Zealot x2  
  124  17:31  Zealot x5  
  134  17:44  Probe  
  134  17:45  Probe  
  136  17:58  Zealot x4  
  140  18:04  Pylon  
  144  18:07  Pylon  
  144  18:11  Photon Cannon  
  144  18:13  Photon Cannon  
  144  18:15  Zealot x2  
  144  18:16  Photon Cannon  
  144  18:19  Zealot x2  
  79  19:35  Zealot x4  
  79  19:36  Zealot  
  89  19:51  Stalker  
  91  19:53  Probe  
  91  19:54  Probe  
  91  19:55  Probe x2  
  91  19:58  Disruptor  
  96  20:05  Probe  
  96  20:06  Protoss Ground Weapons Level 3 (Chrono Boost)  
  94  20:07  Probe  
  94  20:13  Zealot  
  94  20:14  Zealot x4  
  106  20:27  Mothership Core (Chrono Boost)  
  108  20:35  Immortal  
  112  20:39  Gateway  
  112  20:53  Probe (Chrono Boost)  
  112  20:54  Probe (Chrono Boost)  
  112  20:55  Probe (Chrono Boost)  
  115  21:02  Photon Cannon  
  115  21:03  Photon Cannon  
  114  21:21  Sentry x2  
  114  21:22  Sentry, Zealot  
  110  21:38  Zealot x2  
  108  21:47  Probe x2 (Chrono Boost)  
  98  22:42  Stalker x2  
  98  22:43  Stalker x4  
  100  22:45  Colossus  
  95  23:09  Zealot x4  
  95  23:10  Zealot x2  
  77  23:31  Zealot x4  
  77  23:32  Zealot x3  
  75  23:41  Colossus  
  73  23:53  Zealot x5  
  73  23:54  Zealot x2  
  71  24:18  Stalker  
  71  24:19  Stalker x5  
  79  25:00  Stalker x2, Sentry  
  79  25:01  Sentry, Zealot  
  79  25:02  Sentry  
  79  25:06  Nexus  
  91  25:15  Stalker  
  91  25:16  Immortal (Chrono Boost)  
  91  25:21  Probe x2 (Chrono Boost)  
  100  25:23  Probe (Chrono Boost)  
  100  25:25  Pylon  
  100  25:31  Pylon  
  100  25:32  Pylon  
  100  25:41  Stalker x2  
  100  25:42  Sentry, Zealot  
  108  25:44  Sentry  
  108  25:45  Zealot  
  112  25:56  Immortal (Chrono Boost)  
  114  26:54  Zealot  
  114  26:55  Sentry x2, Zealot x2  
  114  26:56  Stalker x2  
  108  27:16  Immortal (Chrono Boost)  
  110  27:30  Stalker x3  
  110  27:31  Stalker x2  
  120  27:44  Nexus  
  120  27:58  Pylon  
  120  28:00  Nexus, Pylon  
Show
View Real Time Build Order
Export as new Build Order

Tim Terran - Winner!

Build Orders: Banshee Rush 

Get SALT Encoding   

  12  0:01  SCV  
  13  0:13  SCV  
  14  0:18  Supply Depot  
  14  0:25  SCV  
  15  0:30  Refinery  
  15  0:40  SCV  
  16  0:46  Barracks  
  16  0:52  SCV  
  17  1:04  SCV, Refinery  
  18  1:16  SCV  
  19  1:19  Supply Depot  
  19  1:28  SCV  
  20  1:40  SCV  
  20  1:44  Barracks Reactor  
  21  1:52  SCV, Factory  
  22  2:05  Orbital Command  
  22  2:17  Supply Depot  
  22  2:22  Marine x2  
  24  2:36  SCV  
  25  2:40  Marine x2  
  27  2:47  Starport  
  27  2:48  SCV  
  27  2:51  Factory Tech Lab  
  28  2:59  Supply Depot  
  28  3:00  SCV  
  28  3:03  Marine  
  30  3:13  SCV  
  31  3:26  SCV  
  32  3:28  Marine x2  
  34  3:36  Bunker  
  34  3:38  SCV  
  35  3:46  Marine x2  
  37  3:48  Factory Tech Lab  
  37  3:51  SCV, Cloaking Field  
  38  4:02  Supply Depot  
  38  4:03  SCV  
  38  4:04  Marine x2  
  38  4:07  Banshee  
  44  4:15  SCV  
  45  4:21  Marine  
  45  4:22  Marine  
  45  4:24  Siege Tank  
  50  4:25  Supply Depot  
  50  4:30  Supply Depot  
  50  4:31  SCV  
  51  4:43  SCV, Marine  
  51  4:44  Marine  
  54  4:47  Engineering Bay  
  54  5:06  Command Center  
  54  5:08  SCV  
  54  5:12  Widow Mine  
  57  5:21  Terran Infantry Weapons Level 1  
  57  5:23  Marine  
  58  5:40  SCV, Widow Mine  
  61  5:51  Supply Depot  
  61  5:52  SCV  
  61  5:53  Supply Depot  
  61  5:55  Supply Depot  
  61  5:56  Supply Depot  
  62  6:02  Banshee  
  65  6:21  Refinery  
  65  6:22  SCV  
  65  6:24  Refinery, Marine  
  65  6:25  Marine  
  68  6:32  Barracks  
  68  6:34  SCV  
  68  6:37  Siege Tank  
  72  6:42  Marine  
  72  6:46  SCV, Armory  
  74  6:50  SCV  
  75  7:02  SCV  
  76  7:15  SCV  
  77  7:23  Siege Tank  
  77  7:28  Barracks Reactor  
  80  7:30  Marine x2  
  80  7:33  Terran Infantry Armor Level 1  
  80  7:35  Terran Vehicle And Ship Armor Level 1  
  82  7:43  Engineering Bay  
  82  7:48  Marine x2  
  84  7:52  Planetary Fortress  
  84  7:55  Siege Tank  
  87  7:59  Command Center  
  87  8:05  Supply Depot, Marine  
  87  8:06  Supply Depot, Marine  
  87  8:07  Supply Depot  
  87  8:09  Supply Depot  
  89  8:22  SCV  
  90  8:28  Supply Depot x2  
  90  8:32  SCV  
  90  8:34  SCV  
  92  8:37  Siege Tank  
  92  8:41  Stimpack  
  95  8:44  SCV, Medivac  
  95  8:46  SCV, Medivac  
  101  8:56  SCV  
  101  8:58  SCV  
  103  9:08  SCV  
  103  9:09  Siege Tank  
  107  9:10  SCV  
  108  9:33  SCV  
  108  9:38  SCV  
  110  9:45  SCV  
  111  9:50  SCV  
  112  9:55  Refinery  
  112  9:57  SCV  
  112  9:59  Refinery  
  113  10:02  SCV, Planetary Fortress  
  114  10:09  SCV  
  114  10:11  Bunker  
  116  10:14  SCV  
  116  10:21  SCV  
  116  10:26  SCV  
  118  10:30  Medivac x2  
  118  10:33  Marauder  
  124  10:37  Terran Infantry Weapons Level 2  
  124  10:38  Terran Infantry Armor Level 2  
  124  10:40  Terran Vehicle And Ship Armor Level 2  
  124  10:41  Combat Shields  
  124  10:55  Marauder  
  123  11:00  Medivac x2  
  105  11:16  Marauder  
  99  11:30  Medivac x2  
  98  11:37  Marauder  
  98  11:39  Command Center  
  100  11:48  Thor  
  100  11:53  Marine x2  
  108  11:59  Marauder  
  110  12:10  Marine  
  110  12:11  Marine  
  112  12:20  Marauder  
  114  12:28  Marine  
  114  12:29  Marine  
  116  12:31  Thor  
  122  12:41  Marauder  
  124  12:46  Marine x2  
  126  13:03  Marauder  
  126  13:04  Marine x2  
  130  13:14  Thor  
  136  13:24  Marauder  
  135  13:38  Supply Depot  
  135  13:39  Supply Depot  
  135  13:40  Supply Depot  
  135  13:43  Supply Depot  
  135  13:44  Supply Depot, Marine x2  
  135  13:46  Terran Infantry Weapons Level 3, Marauder  
  135  13:47  Terran Infantry Armor Level 3  
  139  13:57  Thor  
  139  14:02  Marine x2  
  147  14:03  Supply Depot  
  147  14:05  Supply Depot  
  147  14:06  Terran Vehicle And Ship Armor Level 3  
  147  14:11  Marauder  
  149  14:19  Marine  
  149  14:20  Marine  
  151  14:32  Marauder  
  151  14:37  Marine x2  
  155  14:39  Thor, Refinery  
  155  14:41  Refinery  
  155  14:55  Marine  
  149  15:23  Siege Tank  
  149  15:27  Marine  
  145  15:45  Marine  
  144  15:55  Siege Tank  
  147  16:03  Marine  
  143  16:13  Marine  
  143  16:14  Marine  
  145  16:21  Marine  
  146  16:26  Starport Reactor  
  146  16:27  Siege Tank  
  146  16:31  Marine x2  
  151  16:39  Marine  
  152  16:49  Marine x2  
  154  17:07  Marine x2  
  153  17:25  Marine x2  
  155  17:37  Command Center  
  155  17:42  Marine  
  155  17:43  Marine  
  157  17:51  Terran Vehicle Weapons Level 1  
  157  17:56  Planetary Fortress  
  157  18:00  Marine  
  157  18:03  Missile Turret  
  158  18:25  Missile Turret  
  117  18:58  Orbital Command  
  88  19:09  Marine x2  
  64  19:15  Starport Reactor  
  64  19:17  Marauder  
  53  19:27  Marine x2  
  55  19:37  Siege Tank  
  55  19:38  Marauder  
  60  19:45  Marine x2  
  62  19:59  Marauder  
  64  20:02  Marine  
  64  20:03  Marine  
  66  20:09  Siege Tank  
  66  20:14  Barracks  
  69  20:20  Marine x2  
  69  20:21  Marauder  
  73  20:27  Viking x2  
  77  20:41  Siege Tank, Marine x2  
  77  20:42  Marauder  
  84  20:57  Viking x2  
  84  20:59  Marine x2  
  84  21:01  Barracks  
  84  21:03  Marauder  
  92  21:11  Barracks Reactor  
  92  21:13  Siege Tank  
  92  21:17  Marine x2  
  97  21:25  Marauder  
  96  21:27  Viking x2  
  97  21:34  Marine x2  
  99  21:45  Siege Tank  
  99  21:46  Marauder  
  104  21:52  Barracks, Marine x2  
  106  21:57  SCV, Viking x2  
  111  22:08  Marauder  
  113  22:09  SCV  
  113  22:15  Barracks Reactor  
  114  22:16  Command Center, Marine x2  
  114  22:17  Marine x2  
  114  22:21  SCV  
  119  22:27  Viking x2  
  119  22:29  Marauder  
  125  22:34  Marine x4  
  129  22:40  Barracks  
  112  22:50  Marauder  
  114  22:52  Marine x4  
  114  22:57  Viking x2  
  122  23:09  Marine  
  122  23:10  Marine  
  122  23:12  Marauder  
  116  23:27  Medivac x2  
  116  23:28  Marine x4  
  116  23:29  Marine x2  
  116  23:33  Marauder  
  123  23:36  Barracks Reactor x2  
  123  23:46  Marine x5  
  123  23:47  Marine  
  123  24:04  Marine x6  
  125  24:10  SCV  
  125  24:16  Marauder  
  119  24:21  Marine  
  119  24:22  Marine x5  
  119  24:23  SCV  
  120  24:35  SCV  
  120  24:37  Marine x2, Marauder  
  120  24:38  Marine x2  
  127  24:39  Marine x2  
  127  24:40  Marine x4  
  133  24:55  Marine x3  
  133  24:56  Marine  
  133  24:57  Marine x4  
  133  24:58  Marauder, Marine x2  
  145  25:13  Marine x4  
  149  25:15  Marine x5  
  149  25:20  Marauder  
  156  25:40  Marine x2  
  156  25:41  Marauder, Marine x7  
  156  25:42  Marine  
  168  25:48  SCV  
  169  25:54  SCV  
  170  25:58  Marine x4  
  170  25:59  Marine x2  
  176  26:06  SCV  
  131  27:51  Marine x5  
  130  27:52  Marine x5  
  139  28:09  Marine x6  
  139  28:10  Marine x4  
  147  28:26  Marine  
  147  28:27  Marine x7  
  134  28:28  Marine x2  
Tags
 
Add a new tag
Caveats
  • Supply blocks, unpowered buildings, or Contaminate may cause inaccurate times.
  • Supply counts are checked every 10 seconds.